Unix NetHack Version 5.0.0-0 post-release - last build Jun 10 2026 00:39:30 (3ee93aec679c4c4259841fe613dc97188e26a321,branch:main).

Game began 2026-06-15 03:13:24, ended 2026-06-15 04:36:39.

CyberFan, lawful female dwarven Archeologist

                                                      ---
                                                      ..|
                                                      -.---------
                                                      |.........|
                                                      |.------..--------
                                                     .|.|    --....|)..|
                                                     0#.|     ----.<...|
                                                     .|.|       --.....|
                                                      |.|     ---......|
                                                -- -- |.|     |.......--
                                                 ..o.d|*|-----|.......|
                                                    -o%%--...|--.....--
                                                    |ooo@....----....-
                                                    | |o......| |.....
                                                      |......-- |....-
                                                      |......|  ---..-
                                                      |..--..|     ..
                                                      |.- ---
                                                      -.
                                                      ..

CyberFan the Investigator  St:10 Dx:9 Co:12 In:16 Wi:16 Ch:14  Lawful
Dlvl:6  $:20 HP:0(42) Pw:23(23) AC:-2 Xp:6/332 T:3482 

Latest messages:
 Othuoth of Oguna swings her curved sword.
 Othuoth of Oguna misses!
 You hit Othuoth of Oguna!
 Rukuruk of Oguna throws a crude dagger!
 The crude dagger misses Rukazai of Oguna.
 The crude dagger hits the Mordor orc.
 You kill Othuoth of Oguna!
 Rukazai of Oguna picks up an iron skull cap.
 The Mordor orc swings his curved sword.
 The Mordor orc misses!
 You kill Rukazai of Oguna!
 Rukuruk of Oguna picks up an iron skull cap.
 You kill Rukuruk of Oguna!
 The Mordor orc swings his curved sword.
 The Mordor orc misses!
 The Uruk-hai picks up an iron skull cap.
 You hit the Uruk-hai!
 Aibaneabane of Oguna picks up 7 rocks.
 The Uruk-hai misses!
 You kill the Uruk-hai!
 Welcome to experience level 6.
 Oghaiuz of Oguna picks up an iron skull cap.
 You hit Oghaiuz of Oguna!
 Aibaneabane of Oguna hits!
 Oghaiuz of Oguna hits!
 Unogunu of Oguna wields a curved sword!
 The curved sword welds itself to Unogunu of Oguna's hand!
 You miss Oghaiuz of Oguna.
 The large dog bites Oggrisogoth of Oguna.
 Aibaneabane of Oguna misses!
 The air crackles around Oggrisogoth of Oguna.
 You hit Oghaiuz of Oguna!
 The large dog bites Uothuhai of Oguna.
 Oghaiuz of Oguna hits!
 The air crackles around Uothuhai of Oguna.
 What do you want to read? [fozMX or ?*]
 As you read the scroll, it disappears.
 i - a cursed potion of hallucination.
 The large dog misses it.
 Aibaneabane of Oguna misses!
 Ulaiula of Oguna wields a curved sword!
 The Mordor orc swings his curved sword.
 The Mordor orc misses!
 You hear bubbling water.
 You kill Oghaiuz of Oguna!
 The large dog bites Uothuhai of Oguna.
 Aibaneabane of Oguna hits!
 The Mordor orc swings his curved sword.
 The Mordor orc hits!
 You die...

Inventory:
 Coins    ('$')
  $ - 20 gold pieces
 Amulets  ('"')
  j - a cursed amulet of restful sleep named cursed?
 Weapons  (')')
  u - an uncursed +0 dwarvish mattock (weapon in hands)
 Armor    ('[')
  r - an uncursed +0 dwarvish iron helm (being worn)
  D - a blessed +1 pair of iron shoes (being worn)
  Y - a blessed +0 oilskin cloak (being worn)
  t - an uncursed +0 dwarvish mithril-coat (being worn)
 Comestibles  ('%')
  S - an uncursed sprig of wolfsbane
 Scrolls  ('?')
  M - an uncursed scroll of create monster
  f - a blessed scroll of destroy armor
  o - an uncursed scroll of enchant weapon
  z - a blessed scroll of identify
  X - 2 uncursed scrolls of identify
 Potions  ('!')
  i - a cursed potion of hallucination
  q - an uncursed potion of levitation
  Z - a cursed potion of object detection
  R - an uncursed potion of sickness
 Wands    ('/')
  s - an uncursed wand of nothing (0:10)
  Q - a cursed wand of secret door detection (0:13)
  L - an uncursed wand of striking (0:2)
  l - an uncursed wand of teleportation (0:3)
 Tools    ('(')
  h - an empty uncursed sack
  w - an uncursed magic whistle
  n - an uncursed oil lamp (lit)
 Gems/Stones  ('*')
  x - an uncursed dilithium crystal
  B - an uncursed jasper stone
  c - an uncursed obsidian stone
  b - an uncursed ruby

CyberFan the Archeologist's attributes:

Background:
 You were an Investigator, a level 6 female dwarven Archeologist.
 You were lawful, nominally on a mission for Quetzalcoatl
 who was opposed by Camaxtli (neutral) and Huhetotl (chaotic).
 You were right-handed.
 You were in the Gnomish Mines, on level 6.
 You entered the dungeon 3482 turns ago.
 It was nighttime.
 There was a new moon in effect when your adventure ended.
 You had 332 experience points, 308 more were needed to attain level 7.

Basics:
 You had 0 out of 42 hit points.
 You had all 23 energy points (spell power).
 Your armor class was -2.
 Your wallet contained 20 zorkmids.
 Autopickup was on for '$%?!"=/*' plus thrown, with exceptions.

Final Characteristics:
 Your strength was 10 (limit:18/100).
 Your dexterity was 9 (limit:20).
 Your constitution was 12 (limit:20).
 Your intelligence was 16 (limit:16).
 Your wisdom was 16 (limit:16).
 Your charisma was 14 (limit:16).

Final Status:
 You weren't hungry.
 You were unencumbered.
 You were wielding a mattock.
 You were skilled in pick-axe.

Final Attributes:
 You were piously aligned.
 You were telepathic.
 You had automatic searching.
 You had infravision.
 You were stealthy.
 You were guarded.
 Your spell casting was impaired by metallic armor.
 You are dead.

Miscellaneous:
 You disabled loading and storing of bones levels.
 Total elapsed playing time was 25 minutes and 41 seconds.

Major events:
 Turn
    1: CyberFan the lawful female dwarven Archeologist entered the dungeon
  807: attained the rank of Field Worker (level 3)
 2102: entered the Gnomish Mines
 3371: reached Mine Town
 3477: attained the rank of Investigator (level 6)
 3482: killed by a Mordor orc

Spells:
 Name                 Level Category     Fail Retention
 healing                1   healing      100%  76%-100%

Skills:
 Fighting Skills
   bare handed combat [Unskilled]
   two weapon combat  [Unskilled]
   riding             [Unskilled]
 Weapon Skills
   dagger             [Unskilled]
   knife              [Unskilled]
   pick-axe           [Skilled]
   short sword        [Unskilled]
   saber              [Unskilled]
   club               [Unskilled]
   quarterstaff       [Unskilled]
   sling              [Unskilled]
   dart               [Unskilled]
   boomerang          [Unskilled]
   whip               [Basic]
   unicorn horn       [Unskilled]
 Spellcasting Skills
   attack spells      [Unskilled]
   healing spells     [Unskilled]
   divination spells  [Unskilled]
   matter spells      [Unskilled]

Voluntary challenges:
 Character rerolling was not enabled.
 You were an atheist.
 You never genocided any monsters.
 You never polymorphed an object.
 You never changed form.
 You used no wishes.
Achievements:
 You entered a shop.
 You attained the rank of Field Worker.
 You entered the Gnomish Mines.
 You entered Minetown.
 You attained the rank of Investigator.

 The Dungeons of Doom: levels 1 to 5
    Level 1:
       A fountain.
    Level 2:
       A general store, a fountain.
       Stairs down to The Gnomish Mines.
    Level 3:
       A general store.
    Level 4:
       A scroll shop, some fountains, many trees.
    Level 5:
 The Gnomish Mines: levels 3 to 6
    Level 3:
    Level 4:
    Level 5:
    Level 6: <- You were here.
       Final resting place for
          you, killed by a Mordor orc.


Vanquished creatures:
  3 wood nymphs
  3 Uruk-hai
 an orc shaman
  2 ponies
  2 shriekers
  5 gnome leaders
  2 floating eyes
  a kitten
  a dwarf
  3 homunculi
  a kobold leader
  5 hill orcs
  2 rothes
 an orc zombie
  a dwarf zombie
  2 iguanas
  a coyote
  a gas spore
  a hobbit
  a manes
  2 large kobolds
  a hobgoblin
  a giant rat
  a cave spider
  a brown mold
  3 yellow molds
 18 gnomes
  6 geckos
  7 jackals
  a fox
  2 kobolds
  5 goblins
 10 grid bugs
  6 lichens
  2 kobold zombies
  2 newts
107 creatures vanquished.

No species were genocided or became extinct.

Game over:
                       ----------
                      /          \
                     /    REST    \
                    /      IN      \
                   /     PEACE      \
                  /                  \
                  |     CyberFan     |
                  |      20 Au       |
                  |   killed by a    |
                  |    Mordor orc    |
                  |                  |
                  |                  |
                  |       2026       |
                 *|     *  *  *      | *
        _________)/\\_//(\/(/\)/\//\/|_)_______

Goodbye CyberFan the Archeologist...

You died in The Gnomish Mines on dungeon level 6 with 1596 points,
and 20 pieces of gold, after 3482 moves.
You were level 6 with a maximum of 42 hit points when you died.

